 Dungeon Crawl Stone Soup version 0.24-a0-235-g3f03afc (webtiles) character file.

Game seed: 13946052816911393809

694 Ijustatesigmund the Chopper (level 7, -2/51 HPs)
             Began as an Octopode Fighter on Apr 5, 2019.
             Killed from afar by an electric eel (14 damage)
             ... with a bolt of electricity
             ... on level 6 of the Dungeon.
             The game lasted 00:05:59 (4174 turns).

Ijustatesigmund the Chopper (Octopode Fighter)      Turns: 4174, Time: 00:06:00

Health: -2/51      AC:  1    Str: 15    XL:     7   Next: 64%
Magic:  7/7        EV: 12    Int: 10    God:
Gold:   283        SH: 10    Dex: 14    Spells: 6/6 levels left

rFire    . . .     SeeInvis .   p - +10 war axe "Fiplaaga" {vamp, -Tele +Inv rN+ MR+}
rCold    . . .     Gourm    .   b - +1 shield
rNeg     + . .     Faith    .   (helmet restricted)
rPois    .         Spirit   .   (no amulet)
rElec    .         Reflect  .   (no ring)
rCorr    .         Harm     .   (no ring)
MR       +....     NoTele   +   (no ring)
Stlth    ++........             (no ring)
HPRegen  0.17/turn              (no ring)
MPRegen  0.10/turn              (no ring)
                                (no ring)
                                (no ring)

@: no status effects
A: almost no armour, stealthy swim, amphibious, 8 rings, constrict 8, camouflage
1, gelatinous body 1
a: Evoke Invisibility


You were on level 6 of the Dungeon.
You were hungry.

You visited 1 branch of the dungeon, and saw 6 of its levels.

You collected 283 gold pieces.

Inventory:

Hand Weapons
 a - a +0 war axe
 n - a +1 flail of protection
 p - the +10 war axe "Fiplaaga" (weapon) {vamp, -Tele +Inv rN+ MR+}
   (You found it on level 5 of the Dungeon)

   It inflicts no extra harm, but heals its wielder when it wounds a living foe.
   It protects you from negative energy.
   It affects your resistance to hostile enchantments.
   It lets you turn invisible.
   It prevents most forms of teleportation.
Armour
 b - a +1 shield (worn)
Scrolls
 f - 7 scrolls of teleportation
 g - 2 scrolls of amnesia
 m - a scroll of fog {unknown}
 o - 2 scrolls of remove curse
Potions
 c - a potion of might
 e - a potion of heal wounds
 h - 2 potions of curing
 i - a potion of flight
 j - a potion of magic
 k - a potion of ambrosia {unknown}
 l - a potion of berserk rage {unknown}
 q - a potion of brilliance {unknown}
Comestibles
 d - 8 rations


   Skills:
 + Level 5.7 Fighting
 + Level 5.8 Axes
 - Level 3.7 Dodging
 - Level 3.7 Shields


You had 6 spell levels left.
You didn't know any spells.
Your spell library was empty.

Dungeon Overview and Level Annotations

Branches:
Dungeon (6/15)             Temple (0/1) D:5

Altars:
Hepliaklqana
Okawaru
Ru
Uskayaw
Vehumet
Xom

Annotations:
D:4 3 runed translucent doors, FrancescoMac's ghost, amateur TrBe; Truthflux's ghost, amateur DrCj; eyesofgods1's ghost, amateur HOFi; eyesofgods1's ghost, amateur HOMo; mopl's ghost, novice MfAK


Innate Abilities, Weirdness & Mutations

You cannot wear most types of armour.
You are very stealthy in the water. (Stealth+)
You are amphibious.
You can wear up to eight rings at the same time.
You can use your tentacles to constrict eight enemies at once.
Your skin changes colour to match your surroundings (Stealth+).
Your rubbery body absorbs attacks. (AC +1, EV +1)


Message History

An orc comes into view. It is wielding a +0 hand axe.
The orc hits you with a +0 mace.
You completely miss the orc.
The orc shouts!
You grab the orc.
The orc is heavily wounded.
You constrict the orc.
You hear a shout!
A bullfrog comes into view.
You block the orc's attack.
The bullfrog moves out of view.
You aren't carrying any items that you can evoke.
You release your grip on the orc.
The electric eel shoots out a bolt of lightning at you!
The bolt of electricity hits you!
* * * LOW HITPOINT WARNING * * *
The orc barely misses you.
You hear a croak.
The electric eel shoots out a bolt of lightning at you!
The bolt of electricity hits you!
You die...

......# . ≈...... .#
(≈..... #.#.#
.≈.....## #..#.#
≈.......###..#..##
........#...##...
.≈≈...).$.###...
≈..;......##..#
...≈...o#@##..######
.≈≈....##..........#
≈≈....o ####<......#
≈≈###.. #.......# ≈
o.. #<......# ....
#.......# .(...
#.......# ###.#####
#.#


You could see an electric eel.

Vanquished Creatures
  2 ogres
  A centaur (D:6)
  2 bullfrogs (D:5)
  2 scorpions (D:5)
  2 hounds
  A worker ant (D:4)
  A worker ant zombie (D:5)
  A gnoll (D:1)
  2 adders (D:4)
  3 oozes
  2 worms
  A dart slug (D:1)
  4 leopard geckos
  12 orcs
  A ball python (D:2)
  2 giant cockroaches
  6 goblins
  8 hobgoblins
  2 jackals (D:1)
  6 kobolds
  5 bats
  6 frilled lizards
  A leopard gecko skeleton (D:5)
  A leopard gecko zombie (D:5)
  7 rats
81 creatures vanquished.

Notes
Turn   | Place    | Note
-------+----------+-------------------------------------------
     0 | D:1      | Ijustatesigmund the Octopode Fighter began the quest for
                  | the Orb.
     0 | D:1      | Reached XP level 1. HP: 16/16 MP: 1/1
   203 | D:1      | Reached XP level 2. HP: 11/21 MP: 2/2
   455 | D:1      | Reached XP level 3. HP: 26/26 MP: 3/3
  1152 | D:2      | Found a shimmering altar of Xom.
  1244 | D:2      | Reached XP level 4. HP: 30/31 MP: 4/4
  1620 | D:3      | Noticed an ogre
  1627 | D:3      | Killed an ogre
  1627 | D:3      | Reached XP level 5. HP: 22/36 MP: 5/5
  1950 | D:3      | Found a radiant altar of Vehumet.
  2444 | D:3      | Found a hide-covered altar of Uskayaw.
  2743 | D:4      | Found a runed translucent gate.
  2743 | D:4      | Found a runed translucent gate.
  2743 | D:4      | Found a runed translucent gate.
  2743 | D:4      | Noticed eyesofgods1's ghost (amateur HOMo)
  2743 | D:4      | Noticed Truthflux's ghost (amateur DrCj)
  2743 | D:4      | Noticed eyesofgods1's ghost (amateur HOFi)
  2743 | D:4      | Noticed mopl's ghost (novice MfAK)
  2744 | D:4      | Noticed FrancescoMac's ghost (amateur TrBe)
  2783 | D:4      | Found a hazy altar of Hepliaklqana.
  2916 | D:4      | Found an iron altar of Okawaru.
  3056 | D:4      | Found a sacrificial altar of Ru.
  3144 | D:4      | Reached XP level 6. HP: 43/43 MP: 6/6
  3219 | D:5      | Entered Level 5 of the Dungeon
  3720 | D:5      | Got an ancient war axe
  3723 | D:5      | Identified the +10 war axe "Fiplaaga" {vamp, -Tele +Inv rN+
                  | MR+} (You found it on level 5 of the Dungeon)
  3747 | D:5      | Found a staircase to the Ecumenical Temple.
  3818 | D:5      | Reached skill level 5 in Fighting
  3818 | D:5      | Reached skill level 5 in Axes
  3818 | D:5      | Reached XP level 7. HP: 50/50 MP: 7/7
  4174 | D:6      | Killed from afar by an electric eel

Levels and vault maps discovered:
D:1:      dpeg_arrival_round_c, layout_basic
D:2:      layout_rooms, brannock_xom_greatest_gift,
          chequers_serial_rivers_micro_a
D:3:      layout_basic, old_standard_altar, nicolae_overflow_crystal_walls,
          first_ration
D:4:      layout_basic, okawaru_gym_becter, kennysheep_little_box,
          gammafunk_ghost_cemetery, nicolae_ru_path_of_blood
D:5:      layout_cave_pods, minmay_temple_entry_slanted,
          hangedman_decor_clover_reticule
D:6:      cheibrodos_helix_gallery, layout_rooms, serial_corexii_hall,
          corexii_hall_statues_u, chequers_hall_statues_corner_a

Skill      XL: |  1  2  3  4  5  6 |
---------------+-------------------+-----
Axes           | 3 4 5 |  5.8
Fighting       | 4 5 |  5.7
Dodging        | |  3.7
Shields        | |  3.7

Action                   |  1- 3 |  4- 6 |  7- 9 || total
-------------------------+-------+-------+-------++-------
Melee: War axe           |    63 |    80 |    13 ||   156
       Constrict         |    12 |    26 |     3 ||    41
       Tentacles         |     8 |    15 |     1 ||    24
  Use: Potion            |     1 |       |       ||     1
       Scroll            |     2 |     7 |       ||     9
 Stab: Sleeping          |    14 |     8 |       ||    22
       Distracted        |       |     1 |       ||     1
  Eat: Chunk             |     1 |     3 |       ||     4
       Ration            |       |     3 |       ||     3
Armor: Skin              |     2 |     3 |       ||     5
Dodge: Dodged            |    23 |    22 |     6 ||    51
Block: Shield            |    26 |    27 |     8 ||    61

Table legend:
 A = Non-vault XP
 B = Vault XP
 C = Vault XP percentage of total XP
 D = Non-vault monster count
 E = Vault monster count
 F = Vault count percentage of total count
                 A         B        C        D         E       F
            +---------+---------+-------+---------+---------+-------
      Total |     992 |       0 |   0.0 |      81 |       0 |   0.0
            +---------+---------+-------+---------+---------+-------
        D:1 |      60 |       0 |   0.0 |      24 |       0 |   0.0
        D:2 |      24 |       0 |   0.0 |      12 |       0 |   0.0
        D:3 |     165 |       0 |   0.0 |      21 |       0 |   0.0
        D:4 |      74 |       0 |   0.0 |       8 |       0 |   0.0
        D:5 |     512 |       0 |   0.0 |      14 |       0 |   0.0
        D:6 |     157 |       0 |   0.0 |       2 |       0 |   0.0
            +---------+---------+-------+---------+---------+-------
